 Dungeon Crawl Stone Soup version 0.27-a0-824-gca8104f8d5 (webtiles) character file.

Game seed: 16068676390860875184

123 Johnny the Poker (level 4, -2/57 HPs)
             Began as a Demigod Gladiator on Mar 30, 2021.
             Succumbed to a scorpion's poison
             ... on level 4 of the Dungeon.
             The game lasted 00:01:46 (2706 turns).

Johnny the Poker (Demigod Gladiator)                Turns: 2706, Time: 00:01:46

Health: -2/57      AC: 22    Str: 16 (19) XL:     4   Next: 51%
Magic:  6/6        EV:  2    Int:  9 (10) God:
Gold:   147        SH:  0    Dex: 13 (15) Spells: 3/3 levels left

rFire    . . .     SeeInvis .   a - +0 trident
rCold    . . .     Faith    .   (no shield)
rNeg     + + +     Spirit   .   (armour currently unavailable)
rPois    +         Reflect  .   (helmet currently unavailable)
rElec    .         Harm     .   (cloak currently unavailable)
rCorr    .         Rampage  .   (gloves currently unavailable)
Will     .....     NoTele   +   (boots currently unavailable)
Stlth    +.........             (no amulet)
HPRegen  0.19/turn              (no ring)
MPRegen  0.10/turn              (no ring)

@: lethally poisoned (-2 -> -16), tree-form
A: stationary, stasis, torment immunity, boosted hp, high mp 1, forlorn
a: no special abilities


You were on level 4 of the Dungeon.
You were a tree.
You visited 1 branch of the dungeon, and saw 4 of its levels.

You collected 147 gold pieces.

Inventory:

Hand Weapons
 a - a +0 trident (weapon)
Missiles
 d - 3 throwing nets (quivered)
Armour
 b - a +0 pair of boots (melded)
 c - a +0 helmet (melded)
 i - a +0 chain mail (melded)
Jewellery
 g - a ring of flight
Wands
 l - a wand of iceblast (6)
Scrolls
 e - a scroll of enchant weapon {unknown}
 k - a scroll of identify {unknown}
 m - a scroll of fog {unknown}
Potions
 f - a potion of lignification
 n - a potion of invisibility {unknown}


   Skills:
 + Level 3.0 Fighting
 * Level 4.4 Polearms
 - Level 1.7 Throwing
 - Level 2.6 Dodging


You had 3 spell levels left.
You didn't know any spells.
Your spell library was empty.

Dungeon Overview and Level Annotations

Branches:
Dungeon (4/15)
 Temple: D:4-7


Innate Abilities, Weirdness & Mutations

You are a tree.
Your roots penetrate the ground, keeping you stationary.
You cannot be teleported.
You are immune to unholy pain and torment.
Your maximum health is greatly increased.
Your equipment is partially melded.
Your attributes grow dramatically as you level up.
You have an increased reservoir of magic. (+10% MP)
You shall have no god before yourself.


Message History

You are lethally poisoned!
The scorpion poisons you!
The scorpion stings you but does no damage.
You completely miss the scorpion.
The scorpion is heavily wounded.
You feel extremely sick.
The scorpion stings you but does no damage.
You are too injured to fight recklessly!
You are too injured to fight recklessly!
You are too injured to fight recklessly!
You are too injured to fight recklessly!
You are too injured to fight recklessly!
You are too injured to fight recklessly!
You are too injured to fight recklessly!
You are too injured to fight recklessly!
You are too injured to fight recklessly!
You are too injured to fight recklessly!
You are too injured to fight recklessly!
You are too injured to fight recklessly!
You are too injured to fight recklessly!
Aiming: Polymorph
Press: ? - help, Shift-Dir - straight line, f/p - scorpion
Aim: a scorpion (heavily wounded, will become a centaur, a steam dragon, or a howler monkey, chance to affect: 46%)
The scorpion resists with some effort.
The now-empty wand crumbles to dust.
* * * LOW HITPOINT WARNING * * *
You feel very sick. The scorpion stings you.
* * * LOW HITPOINT WARNING * * *
It was a potion of lignification.
You turn into a tree.
Your +0 helmet melds into your body.
Your +0 pair of boots melds into your body.
Your +0 chain mail melds into your body.
Your roots penetrate the ground.
* * * LOW HITPOINT WARNING * * *
You feel very sick.
The scorpion stings you but does no damage.
It was a potion of degeneration.
There was something very wrong with that liquid.
You feel weakened.
You feel dopey.
You feel clumsy.
You die...

#.####.####.#####.
####.# #.####.#....(
##....####............
#.###............<##.#
#.# #.####.#########.#
#.###.# #.# ...
#.[...# #.# ##.#
#####.# #.# #.# #♣#
#.# #.# #.s...... ..#
#########


You could see a scorpion.

Vanquished Creatures
  Ijyb (D:3)
  Terence (D:3)
  An ufetubus (D:3)
  A worm (D:3)
  3 dart slugs
  5 bats
  3 endoplasms
  2 giant cockroaches
  4 goblins
  7 hobgoblins
  4 jackals (D:1)
  5 kobolds
  2 quokkas
  4 ball pythons
  7 frilled lizards
  6 rats
56 creatures vanquished.

Notes
Turn   | Place    | Note
-------+----------+-------------------------------------------
     0 | D:1      | Johnny the Demigod Gladiator began the quest for the Orb.
     0 | D:1      | Reached XP level 1. HP: 17/17 MP: 3/3
    58 | D:1      | Reached skill level 3 in Polearms
   478 | D:1      | Reached XP level 2. HP: 24/24 MP: 4/4
  1326 | D:2      | Reached XP level 3. HP: 30/30 MP: 5/5
  1647 | D:2      | Noticed a scorpion
  1766 | D:3      | Noticed Terence
  1775 | D:3      | Killed Terence
  1776 | D:3      | Reached skill level 4 in Polearms
  2066 | D:3      | Reached XP level 4. HP: 37/37 MP: 6/6
  2414 | D:3      | Noticed Ijyb
  2425 | D:3      | Killed Ijyb
  2705 | D:4      | HP: 1/57 [poisoned by a scorpion]
  2706 | D:4      | Succumbed to a scorpion's poison

Illustrated notes

Levels and vault maps discovered:
D:1:      matt_arrival_grand_opening, layout_basic
D:2:      layout_loops_ring, chequers_ecumenical_altar_simple_redux
D:3:      layout_basic, elyvilon_altar_5, uniq_ijyb, uniq_terence
D:4:      layout_loops_ring, chequers_temple_overflow_minitemple, temple_doors_e

Skill      XL: |  1  2  3  4 |
---------------+-------------+-----
Fighting       | 2 3 |  3.0
Polearms       | 3 4 |  4.4
Throwing       | |  1.7
Dodging        | |  2.6

Action                   |  1- 3 |  4- 6 || total
-------------------------+-------+-------++-------
Melee: Trident           |   145 |    50 ||   195
Evoke: Wand              |       |     1 ||     1
  Use: Potion            |     3 |     2 ||     5
 Stab: Sleeping          |     7 |       ||     7
Armor: Leather armour    |    26 |       ||    26
       Chain mail        |     9 |    41 ||    50
       Skin              |       |     1 ||     1
Dodge: Dodged            |    60 |    22 ||    82

Table legend: (Time is in decaauts)
 A = Elapsed time spent in this place.
 B = Non-inter-level travel time spent in this place.
 C = Inter-level travel time spent in this place.
 D = Time resting spent in this place.
 E = Time spent auto-exploring this place.
 F = Levels seen in this place.
 G = Mean time per level.
                   A        B        C        D        E       F      G
               +--------+--------+--------+--------+--------+-----+--------+
         Total |   2728 |   2661 |     67 |    303 |   1929 |   4 |  682.0 |
       Dungeon |   2728 |   2661 |     67 |    303 |   1929 |   4 |  682.0 |
               +--------+--------+--------+--------+--------+-----+--------+

Top non-repeatable levels by time:
     D:1: 1168 daAuts
     D:3: 833 daAuts
     D:2: 606 daAuts
     D:4: 120 daAuts
